 Dungeon Crawl Stone Soup version 0.31-a0-233-g139696dc86 (webtiles) character file.

Game seed: 448210412720743455

501 avis the Magician (level 6, 0/24 HPs)
             Began as a Felid Summoner on July 10, 2023.
             Slain by an orc
             ... wielding a +1 falchion of distortion
              (1 damage)
             ... on level 5 of the Dungeon.
             The game lasted 00:31:14 (4492 turns).

avis the Magician (Felid Summoner)                  Turns: 4492, Time: 00:31:15

Health: 0/24       AC:  2    Str: 16    XL:     6   Next: 95%
Magic:  2/16       EV: 17    Int: 19    God:
Gold:   145        SH:  0    Dex: 16    Spells: 5/18 levels left
                                        Lives:  0   Deaths: 2

rFire   . . .        (weapon unavailable)
rCold   . . .        (shield unavailable)
rNeg    . . .        (body armour unavailable)
rPois   .            (helmet unavailable)
rElec   .            (cloak unavailable)
rCorr   .            (gloves unavailable)
SInv    +            (boots unavailable)
Will    .....        (no amulet)
Stlth   +            m - +6 ring of strength
HPRegen 0.24/turn    n - +6 ring of strength
MPRegen 0.15/turn

%: no passive effects
@: silenced, quick
A: very small, claws 1, fangs 3, see invisible, speed 1, shaggy fur 2, stealthy
paws, no weapons or thrown items, no armour, multi-lived
a: no special abilities


You were on level 5 of the Dungeon.
You visited 1 branch of the dungeon, and saw 7 of its levels.

You collected 145 gold pieces.

Inventory:

Jewellery
 m - a +6 ring of strength (left paw)
 n - a +6 ring of strength (right paw)
Scrolls
 a - 2 scrolls of silence
 d - 3 scrolls of amnesia {unknown}
 f - 3 scrolls of fog {unknown}
 g - 2 scrolls of identify {unknown}
 h - a scroll of teleportation {unknown}
 k - a scroll of enchant armour {unknown}
 p - a scroll of poison {unknown}
Potions
 b - a potion of berserk rage {unknown}
 c - a potion of ambrosia {unknown}
 e - a potion of curing {unknown}
 i - a potion of attraction {unknown}
 j - a potion of haste {unknown}
 l - a potion of heal wounds {unknown}
 o - a potion of brilliance {unknown}


   Skills:
 - Level 2.6 Dodging
 - Level 2.6 Stealth
 * Level 6.5 Spellcasting
 + Level 4.5 Hexes
 + Level 6.2 Summonings


You had 5 spell levels left.
You knew the following spells:

 Your Spells              Type           Power      Damage    Failure   Level
a - Summon Small Mammal   Summ           100%       N/A       1%          1
c - Call Imp              Summ           58%        N/A       1%          2
d - Call Canine Familiar  Summ           29%        N/A       2%          3
g - Summon Guardian Gole  Hex/Summ       26%        N/A       3%          3
l - Summon Lightning Spi  Summ/Air       18%        N/A       28%         4

Your spell library contained the following spells:

 Spells                   Type           Power      Damage    Failure   Level
 Magic Dart               Conj           24%        1d4       11%         1
 Sandblast                Erth           12%        2d6       11%         1
 Passwall                 Tmut/Erth      5%         N/A       16%         2
 Mephitic Cloud           Conj/Pois/Air  6%         N/A       32%         3
 Stone Arrow              Conj/Erth      12%        3d7       32%         3
 Orb of Destruction       Conj           3%         9d5       100%        7
 Spellforged Servitor     Conj/Summ      9%         N/A       100%        7


Dungeon Overview and Level Annotations

Branches:
Dungeon (7/15)
 Temple: D:4-7

Altars:
Ashenzari
Sif Muna


Innate Abilities, Weirdness & Mutations

You have sharp claws.
You have razor-sharp teeth.
You have supernaturally acute eyesight. (SInv)
You cover ground quickly. (Speed+)
You are covered in thick fur. (AC +2)
Your paws help you pounce on unaware monsters.
You are incapable of wielding weapons or throwing items.
You cannot wear armour.
You gain extra lives every three experience levels.


Message History

Unknown command.
Your hound bites the orc wizard.
The orc misses your cerulean imp.
The orc wizard hits your hound with a +2 dagger of draining.
The orc wizard drains your hound.
Your hound bites the orc wizard but does no damage.
Your cerulean imp hits the orc wizard from afar with a -2 spear.
Your hound bites the orc wizard.
The orc barely misses your hound.
The orc barely misses your cerulean imp.
The orc wizard hits your hound with a +2 dagger of draining.
Your hound dies!
Your hound's corpse disappears in a puff of smoke!
Your cerulean imp hits the orc wizard from afar with a -2 spear.
The orc hits your cerulean imp with a +1 falchion of distortion.
Space warps around your cerulean imp.
Your lightning spire shoots out a bolt of lightning at the orc wizard!
The bolt of electricity hits your cerulean imp.
Your cerulean imp resists.
The bolt of electricity hits the orc wizard!
The orc wizard dies!
The bolt of electricity hits the orc!
The orc dies!
The bolt of electricity hits the orc!
The orc dies!
Your cerulean imp barely misses the orc.
You closely miss the orc.
The orc hits you with a +1 falchion of distortion.
* * * LOW HITPOINT WARNING * * *
Space warps around you.
* * * LOW HITPOINT WARNING * * *
Your cerulean imp hits the orc with a -2 spear.
You scratch the orc but do no damage.
The orc is heavily wounded.
The orc completely misses you.
Your cerulean imp hits the orc but does no damage.
You scratch the orc.
The orc is severely wounded.
The orc hits you with a +1 falchion of distortion.
* * * LOW HITPOINT WARNING * * *
Space warps around you.
You die...

.! #.## #..# ###
..# ###@# #.#
#9o8# #.##)5###
#..).# #..###
#..#######
#.........
######.........
........>.......


You could see an orc (ally target), a friendly guardian golem (summoned), a
friendly lightning spire (summoned, sheltered, unsilenced) and a friendly
cerulean imp (summoned, sheltered).

Vanquished Creatures
  A frilled lizard (D:1)
  A kobold (D:1)
  2 rats (D:1)
4 creatures vanquished.

Vanquished Creatures (collateral kills)
  Sigmund (D:2)
  A wight (D:3)
  A hound (D:4)
  3 orc priests
  An iguana (D:6)
  A sleepcap (D:3)
  Jessica (D:2)
  3 orc wizards
  An adder (D:2)
  A shadow imp (D:6)
  A dart slug (D:2)
  7 orcs
  4 ball pythons
  7 endoplasms
  5 giant cockroaches
  4 goblins
  A hobgoblin (D:2)
  6 jackals
  A quokka (D:1)
  7 bats
  4 frilled lizards
  10 kobolds
  6 rats
77 creatures vanquished.

Vanquished Creatures (others)
  A centaur (D:7)
  A bullfrog (D:7)
  4 wights (D:3)
  A nameless horror (D:7)
7 creatures vanquished.

Grand Total: 88 creatures vanquished

Notes
Turn   | Place    | Note
-------+----------+-------------------------------------------
     0 | D:1      | avis the Felid Summoner began the quest for the Orb.
     0 | D:1      | Reached XP level 1. HP: 7/7 MP: 4/4
   291 | D:1      | Reached XP level 2. HP: 11/11 MP: 1/6
   294 | D:1      | Learned a level 2 spell: Call Imp
  1145 | D:1      | Reached XP level 3. HP: 13/14 MP: 4/8
  1556 | D:2      | Learned a level 3 spell: Call Canine Familiar
  1872 | D:2      | Noticed Sigmund
  1890 | D:2      | Killed Sigmund
  1891 | D:2      | Reached skill level 5 in Summonings
  1891 | D:2      | Reached XP level 4. HP: 18/18 MP: 2/11
  1891 | D:2      | Reached XP level 5. HP: 21/21 MP: 2/12
  2145 | D:2      | Noticed Jessica
  2167 | D:2      | Killed Jessica
  2692 | D:2      | Learned a level 3 spell: Summon Guardian Golem
  2697 | D:2      | Learned a level 4 spell: Summon Lightning Spire
  2730 | D:3      | Killed from afar by an orc priest
  2731 | D:3      | Reached XP level 4. HP: -9/18 MP: 2/11
  2767 | D:3      | Reached XP level 5. HP: 21/21 MP: 10/13
  2801 | D:3      | Reached skill level 1 in Hexes
  2804 | D:3      | Reached skill level 5 in Spellcasting
  2973 | D:3      | Found a shimmering blue altar of Sif Muna.
  3076 | D:3      | Gained mutation: You are covered in thick fur. (AC +2)
                  | [Felid growth]
  3076 | D:3      | Reached XP level 6. HP: 24/24 MP: 6/14
  3644 | D:3      | Reached XP level 7. HP: 27/27 MP: 7/16
  3816 | D:4      | You fall into a shaft and drop 3 floors!
  3862 | D:7      | HP: 1/27 [centaur/arrow (1)]
  3863 | D:7      | Slain by a killer bee
  3864 | D:7      | Reached XP level 6. HP: 0/24 MP: 3/16
  3970 | D:7      | Noticed an ice beast
  4092 | D:7      | Noticed a sky beast
  4442 | D:6      | Found a broken altar of Ashenzari.
  4464 | D:5      | Entered Level 5 of the Dungeon
  4492 | D:5      | HP: 1/24 [orc/+1 falchion of distortion (1)]
  4492 | D:5      | Slain by an orc

Illustrated notes

Levels and vault maps discovered:
D:1:      erik_arrival_orb_chamber, layout_basic, lexackson_kobold_supper
D:2:      layout_basic, uniq_jessica, uniq_sigmund
D:3:      layout_rooms, kennysheep_orc_sif_temple, serial_glass,
          glass_columns_b, glass_columns_c, glass_columns_c, glass_columns_a,
          glass_columns_b, glass_columns_a, glass_columns_a, glass_columns_b
D:4:      layout_layer_cave, general_overflow_altar, uniq_menkaure, uniq_ijyb
D:5:      layout_basic, mainiacjoe_overflow_swirl, minmay_temple_entry_trees,
          serial_park_tiny_pond, abandoned_shop
D:6:      layout_cave_pools, evilmike_ruin_ashenzari,
          nicolae_tso_carved_into_rock, grunt_decor_junction, kennysheep_nub,
          minmay_pentangle
D:7:      layout_loops_corners, mainiacjoe_overflow_cross_hatched

Skill      XL: |  1  2  3  4  5  6  7 |
---------------+----------------------+-----
Spellcasting   | 3 4 5 6 |  6.5
Summonings     | 5 6 |  6.2
Hexes          | 2 4 |  4.5
Dodging        | |  2.6
Stealth        | |  2.6

Action                     |  1- 3 |  4- 6 |  7- 9 || total
---------------------------+-------+-------+-------++-------
  Melee: Unarmed           |    22 |     5 |       ||    27
         Bite              |     5 |       |       ||     5
   Cast: Summon Small Mamm |    41 |     2 |       ||    43
         Call Imp          |     7 |    12 |     1 ||    20
         Call Canine Famil |     2 |    20 |     4 ||    26
         Summon Guardian G |       |    10 |     3 ||    13
         Summon Lightning  |       |     4 |     2 ||     6
    Use: Scroll            |       |     1 |       ||     1
         Potion            |       |       |     1 ||     1
   Stab: Sleeping          |     1 |       |       ||     1
 Armour: Skin              |     1 |       |     1 ||     2
  Dodge: Dodged            |    12 |    22 |    11 ||    45

Table legend: (Time is in decaauts)
 A = Elapsed time spent in this place.
 B = Non-inter-level travel time spent in this place.
 C = Inter-level travel time spent in this place.
 D = Time resting spent in this place.
 E = Time spent auto-exploring this place.
 F = Levels seen in this place.
 G = Mean time per level.
                   A        B        C        D        E       F      G
               +--------+--------+--------+--------+--------+-----+--------+
         Total |   3889 |   3629 |    260 |    579 |   1657 |   7 |  555.6 |
       Dungeon |   3889 |   3629 |    260 |    579 |   1657 |   7 |  555.6 |
               +--------+--------+--------+--------+--------+-----+--------+

Top non-repeatable levels by time:
     D:1: 1290 daAuts
     D:2: 1198 daAuts
     D:3: 712 daAuts
     D:7: 363 daAuts
     D:6: 198 daAuts
     D:4: 100 daAuts
     D:5: 26 daAuts
